 Dungeon Crawl Stone Soup version 0.24.1-11-gbbbb2193e6 (webtiles) character file.

Game seed: 201565815729787899, levelgen mode: deterministic

827 Hugehornet the Changer (level 7, -5/43 HPs)
             Began as an Octopode Transmuter on May 10, 2020.
             Slain by Edmund
             ... wielding a +1 dire flail of holy wrath
              (8 damage)
             ... on level 5 of the Dungeon.
             The game lasted 00:08:01 (5366 turns).

Hugehornet the Changer (Octopode Transmuter)        Turns: 5366, Time: 00:08:01

Health: -5/43      AC:  2    Str:  9    XL:     7   Next: 97%
Magic:  11/13      EV: 20    Int: 18    God:
Gold:   128        SH:  0    Dex: 17    Spells: 4/14 levels left

rFire    . . .     SeeInvis .     - Unarmed
rCold    . . .     Gourm    .   (shield currently unavailable)
rNeg     . . .     Faith    .   (helmet currently unavailable)
rPois    x         Spirit   .   (no amulet)
rElec    .         Reflect  .   q - +1 ring of evasion
rCorr    .         Harm     .   (no ring)
MR       .....                  (no ring)
Stlth    ++........             (no ring)
HPRegen  0.14/turn              (no ring)
MPRegen  0.13/turn              (no ring)
                                (no ring)
                                (no ring)

@: spider-form, hasted, very quick
A: tiny, almost no armour, stealthy swim, (amphibious), 8 rings, (constrict 8)
a: End Transformation


You were on level 5 of the Dungeon.
You were not hungry.
You were a venomous arachnid creature.
You visited 1 branch of the dungeon, and saw 5 of its levels.

You collected 128 gold pieces.

Inventory:

Missiles
 a - an arrow
Jewellery
 q - a +1 ring of evasion (left front leg)
Wands
 s - a wand of paralysis (4)
Scrolls
 b - a scroll of remove curse {unknown}
 d - a scroll of noise {unknown}
 g - a scroll of enchant weapon {unknown}
 i - 3 scrolls of teleportation {unknown}
 j - a scroll of enchant armour {unknown}
 l - 2 scrolls of magic mapping {unknown}
 n - a scroll of immolation {unknown}
 r - a scroll of amnesia {unknown}
Potions
 e - a potion of brilliance
 h - a potion of resistance {unknown}
 k - 2 potions of curing
 m - a potion of might {unknown}
 o - 2 potions of flight
 p - 2 potions of lignification
 t - a potion of heal wounds {unknown}
Comestibles
 c - 11 rations
 u - 2 chunks of flesh


   Skills:
 - Level 1.0 Fighting
 - Level 2.0 Dodging
 + Level 4.6 Unarmed Combat
 + Level 4.0 Spellcasting
 * Level 5.8 Transmutations
 * Level 1.8 Ice Magic
 - Level 3.6 Poison Magic


You had 4 spell levels left.
You knew the following spells:

 Your Spells              Type           Power        Failure   Level  Hunger
a - Beastly Appendage     Tmut           ###...       6%          1    None
b - Sticks to Snakes      Tmut           ###.....     8%          2    ##.....
c - Spider Form           Tmut/Pois      ###.......   17%         3    ###....
d - Ice Form              Ice/Tmut       ###.....     52%         4    ####...

Your spell library contained the following spells:

 Spells                   Type           Power        Failure   Level  Hunger
 Blade Hands              Tmut           ###.......   58%         5    ######.


Dungeon Overview and Level Annotations

Branches:
Dungeon (5/15)
 Temple: D:4-7

Altars:
Ashenzari
Dithmenos
Fedhas
Gozag
Ru
Xom
The Shining One

Annotations:
D:5 Edmund


Innate Abilities, Weirdness & Mutations

You cannot wear most types of armour.
You are very stealthy in the water. (Stealth+)
((You are amphibious.))
You can wear up to eight rings at the same time.
((You can use your tentacles to constrict eight enemies at once.))
((Your skin changes colour to match your surroundings (Stealth+).))
((Your rubbery body absorbs attacks. (AC +1, EV +1)))


Message History

The giant cockroach bites you.
* * * LOW HITPOINT WARNING * * *
The giant cockroach bites you but does no damage.
Edmund completely misses you.
You feel yourself speed up. The giant cockroach misses you.
You hit Edmund.
Edmund looks as sick as possible!
Edmund is heavily wounded.
Edmund barely misses you. The giant cockroach closely misses you.
You hit Edmund.
Edmund looks as sick as possible!
Edmund is heavily wounded.
Edmund hits you with a +1 dire flail of holy wrath.
* * * LOW HITPOINT WARNING * * *
You hit Edmund but do no damage.
Edmund is heavily wounded.
The giant cockroach bites you but does no damage.
You hit Edmund but do no damage.
Edmund looks as sick as possible!
Edmund is severely wounded.
The giant cockroach completely misses you.
Edmund hits you with a +1 dire flail of holy wrath!
You die...

##....# #..##...
##....## #..# ....
#...#..##..# #...
#....####...# ..#
.......## ##.## #.##
###..(##
###.###...### ##..
###...........#[ #..
.................
#....#####...s.#....
... #..#.@s# ..
#.####l# #. .. ..
#.. ### ... ....
.....


You could see Edmund, an iguana and a giant cockroach.

Vanquished Creatures
  Pikel (D:4)
  3 slaves (D:3)
  A scorpion (D:4)
  3 hounds
  A jelly (D:3)
  2 worker ants
  A hound skeleton (D:4)
  2 gnolls
  2 adders
  2 oozes
  10 dart slugs
  5 leopard geckos
  6 orcs
  A giant cockroach (D:5)
  10 goblins
  5 hobgoblins
  2 jackals (D:4)
  2 quokkas
  6 bats
  7 frilled lizards
  2 kobolds
  A quokka skeleton (D:4)
  A quokka zombie (D:4)
  8 rats
  A bush (D:2)
85 creatures vanquished.

Vanquished Creatures (collateral kills)
  An orc priest (D:4)
  A gnoll (D:3)
  An adder (D:4)
  2 orcs
  A quokka (D:4)
6 creatures vanquished.

Grand Total: 91 creatures vanquished

Notes
Turn   | Place    | Note
-------+----------+-------------------------------------------
     0 | D:1      | Hugehornet the Octopode Transmuter began the quest for the
                  | Orb.
     0 | D:1      | Reached XP level 1. HP: 13/13 MP: 3/3
    33 | D:1      | Reached XP level 2. HP: 8/18 MP: 3/5
   192 | D:1      | Learned a level 2 spell: Sticks to Snakes
   536 | D:1      | Reached skill level 3 in Transmutations
   541 | D:1      | Reached XP level 3. HP: 23/23 MP: 6/6
   546 | D:1      | Learned a level 3 spell: Spider Form
  1042 | D:2      | Found a sacrificial altar of Ru.
  1563 | D:2      | Found a shimmering altar of Xom.
  1563 | D:2      | Found a shimmering altar of Xom.
  1563 | D:2      | Found a shimmering altar of Xom.
  1583 | D:2      | Found a shimmering altar of Xom.
  1585 | D:2      | Found a shimmering altar of Xom.
  1740 | D:2      | Reached skill level 1 in Poison Magic
  1747 | D:2      | Reached XP level 4. HP: 22/28 MP: 7/7
  2019 | D:2      | Found a blossoming altar of Fedhas.
  2019 | D:2      | Found a shattered altar of Ashenzari.
  2019 | D:2      | Found a glowing golden altar of the Shining One.
  2782 | D:3      | Found an opulent altar of Gozag.
  2863 | D:3      | Reached XP level 5. HP: 16/33 MP: 7/9
  3053 | D:3      | Reached skill level 4 in Transmutations
  3602 | D:4      | Noticed Pikel
  3602 | D:4      | Noticed a slave
  3602 | D:4      | Noticed a slave
  3602 | D:4      | Noticed a slave
  3602 | D:4      | Noticed a slave
  3619 | D:3      | Killed a slave
  3708 | D:3      | Killed a slave
  3887 | D:3      | Killed a slave
  4146 | D:4      | Killed Pikel
  4146 | D:4      | Reached skill level 5 in Transmutations
  4146 | D:4      | Reached XP level 6. HP: 4/38 MP: 3/11
  4146 | D:4      | Reached XP level 7. HP: 4/43 MP: 3/12
  4229 | D:4      | Learned a level 4 spell: Ice Form
  4459 | D:4      | Found a shadowy altar of Dithmenos.
  4493 | D:4      | Reached skill level 1 in Ice Magic
  5167 | D:5      | Entered Level 5 of the Dungeon
  5350 | D:5      | Noticed Edmund
  5366 | D:5      | Slain by Edmund

Levels and vault maps discovered:
D:1:      minmay_arrival_shoal_huts, layout_basic
D:2:      layout_loops_cross, xom_redecorated,
          gammafunk_temple_overflow_forgotten, hangedman_ru_absence,
          first_ration
D:3:      layout_rooms, overflow_temple_1_default
D:4:      layout_basic, grunt_dithmenos_smoke_and_mirrors, uniq_pikel
D:5:      layout_layer_cave, minivault_14, nicolae_underground_beach,
          uniq_edmund, uniq_crazy_yiuf_cottage, uniq_grinder

Skill      XL: |  1  2  3  4  5  6  7 |
---------------+----------------------+-----
Transmutations | 3 5 |  5.8
Poison Magic   | 1 3 |  3.6
Unarmed Combat | 4 |  4.6
Spellcasting   | 3 4 |  4.0
Ice Magic      | 1 |  1.8
Fighting       | |  1.0
Dodging        | |  2.0

Action                   |  1- 3 |  4- 6 |  7- 9 || total
-------------------------+-------+-------+-------++-------
Melee: Unarmed           |    92 |   167 |    65 ||   324
       Constrict         |    21 |    15 |    16 ||    52
       Kick              |    15 |    37 |    12 ||    64
       Tentacles         |     7 |    39 |    13 ||    59
       Punch             |     2 |     4 |     4 ||    10
 Cast: Beastly Appendage |    26 |    20 |    12 ||    58
       Sticks to Snakes  |       |     6 |     4 ||    10
       Spider Form       |       |     5 |     1 ||     6
  Use: Scroll            |       |     6 |       ||     6
       Potion            |       |     1 |     1 ||     2
 Stab: Sleeping          |     7 |     6 |     2 ||    15
  Eat: Chunk             |     3 |     5 |     4 ||    12
       Ration            |       |     1 |       ||     1
Armor: Skin              |    10 |     2 |     3 ||    15
Dodge: Dodged            |    49 |    64 |    44 ||   157
